 Dungeon Crawl Stone Soup version 0.23.1 (webtiles) character file.

Game seed: 13257310126247506190

149 LostNumber the Caller (level 5, -3/31 HPs)
             Began as a Kobold Summoner on Mar 6, 2019.
             Slain by a centaur (5 damage)
             ... on level 5 of the Dungeon.
             The game lasted 00:04:34 (2606 turns).

LostNumber the Caller (Kobold Summoner)             Turns: 2606, Time: 00:04:35

Health: -3/31      AC:  2    Str:  5    XL:     5   Next: 57%
Magic:  4/9        EV: 15    Int: 18    God:
Gold:   34         SH:  0    Dex: 15    Spells: 0/10 levels left

rFire    + . .     SeeInvis .   b - +0 spear
rCold    . . .     Gourm    .   (shield restricted)
rNeg     . . .     Faith    .   a - +0 robe
rPois    .         Spirit   .   (no helmet)
rElec    .         Reflect  .   (no cloak)
rCorr    .         Harm     .   (no gloves)
MR       .....                  (no boots)
Stlth    +.........             (no amulet)
HPRegen  0.10/turn              i - ring of protection from fire
MPRegen  0.11/turn              (no ring)

@: confused
A: small, carnivore
a: no special abilities


You were on level 5 of the Dungeon.
You were completely stuffed.

You visited 1 branch of the dungeon, and saw 4 of its levels.

You collected 34 gold pieces.

Inventory:

Hand Weapons
 b - a +0 spear (weapon)
   (You found it on level 1 of the Dungeon)
 c - a -1 spear
   (You found it on level 1 of the Dungeon)
 d - a +0 club
   (You took it off a hobgoblin on level 1 of the Dungeon)
Armour
 a - a +0 robe (worn)
Jewellery
 i - a ring of protection from fire (left hand)
   (You found it on level 1 of the Dungeon)
Comestibles
 e - 4 rations {!d}
 f - 2 chunks of flesh


   Skills:
 + Level 2.3 Fighting
 - Level 2.4 Dodging
 - Level 2.6 Stealth
 + Level 3.2 Spellcasting
 * Level 5.3 Summonings
 * Level 0.4 Air Magic


You couldn't memorise any spells.
You knew the following spells:

 Your Spells              Type           Power        Failure   Level  Hunger
a - Summon Small Mammal   Summ           ###.         1%          1    None
c - Call Canine Familiar  Summ           ###.....     5%          3    ###....
x - Call Imp              Summ           ###.....     2%          2    ##.....
z - Summon Lightning Spi  Summ/Air       ##......     43%         4    ####...

Your spell library contained the following spells:

 Spells                   Type           Power        Failure   Level  Hunger
 Summon Guardian Golem    Hex/Summ       ##......     16%         3    ###....
 Summon Ice Beast         Ice/Summ       ##......     47%         4    ####...


Dungeon Overview and Level Annotations

Branches:
Dungeon (5/15)
 Temple: D:4-7

Altars:

Annotations:
D:2 Jessica
D:4 Dowan, Duvessa


Innate Abilities, Weirdness & Mutations

You are small and have problems with some larger weapons.
You are carnivorous and can eat meat at any time.


Message History

Unknown command.
You swap places.
The sentinel's mark upon you fades away.
The centaur wields a +0 shortbow.
The centaur shoots an arrow.
The arrow hits your hound!
Unknown command.
Your hound bites the centaur but does no damage.
The centaur shoots an arrow.
The arrow hits your hound!
Your hound dies!
Your hound's corpse disappears in a puff of smoke!
Unknown command.
The centaur unwields a +0 shortbow.
The centaur hits you.
You see here 4 arrows.
Unknown command.
You hit the centaur. The centaur closely misses you. x2
Unknown command.
Okay, then.
As you read the scroll of fear, it crumbles to dust.
You assume a fearsome visage.
The adder looks frightened!
The worm looks frightened!
The centaur looks frightened!
The crimson imp is unaffected.
Cornered, the adder turns to fight!
Cornered, the centaur turns to fight!
Unknown command.
You barely miss the centaur. The centaur barely misses you.
You hit the centaur. The centaur hits you!
* * * LOW HITPOINT WARNING * * *
The centaur misses you.
Cornered, the worm turns to fight!
The centaur wields a +0 shortbow.
The centaur shoots an arrow.
The arrow completely misses you.
You see here an arrow.
The centaur unwields a +0 shortbow.
The centaur hits you.
* * * LOW HITPOINT WARNING * * *
You see here 4 arrows.
The centaur closely misses you. The centaur hits you.
* * * LOW HITPOINT WARNING * * *
You swap places.
The centaur wields a +0 shortbow.
The centaur shoots an arrow.
The arrow hits your quokka!
Your quokka dies!
Your quokka's corpse disappears in a puff of smoke!
You see here an arrow.
Unknown command.
An orc comes into view. It is wielding a +0 dire flail.
The centaur unwields a +0 shortbow.
The centaur closely misses you.
The crimson imp blinks!
You see here 5 arrows.
You are confused.
You feel invigorated. The centaur hits you.
* * * LOW HITPOINT WARNING * * *
The centaur hits you.
You die...

########.#### ########.######
............## #..).)).........
.............####.######.#######
###.#.#w..........# #.#
#.#.##.....###### #.#
#.#.###...## #.# #.#.#
##.####### #.. #.#.# #..oSwc(#
### #?#.# #######@# #.#.# #(#
#.# #.# #.# #.#########
#..<....... ###########


You could see a centaur, a worm, an adder and an orc.

Vanquished Creatures
  An orc wizard (D:5)
  2 dart slugs
  2 orcs (D:5)
  2 goblins (D:1)
  3 bats (D:1)
  A frilled lizard (D:2)
  A rat (D:1)
12 creatures vanquished.

Vanquished Creatures (collateral kills)
  A bullfrog (D:5)
  A scorpion (D:5)
  A hound (D:5)
  A hound skeleton (D:4)
  An adder (D:2)
  A worm (D:5)
  A dart slug (D:1)
  2 leopard geckos (D:1)
  2 orcs (D:5)
  3 giant cockroaches
  A goblin (D:1)
  3 hobgoblins
  2 kobolds (D:2)
  A ball python (D:1)
  A bat (D:1)
  2 rats
24 creatures vanquished.

Grand Total: 36 creatures vanquished

Notes
Turn   | Place    | Note
-------+----------+-------------------------------------------
     0 | D:1      | LostNumber the Kobold Summoner began the quest for the Orb.
     0 | D:1      | Reached XP level 1. HP: 10/10 MP: 3/3
   260 | D:1      | Reached XP level 2. HP: 15/16 MP: 5/5
   264 | D:1      | Learned a level 2 spell: Call Imp
   935 | D:1      | Reached skill level 1 in Fighting
  1162 | D:1      | Reached XP level 3. HP: 20/20 MP: 6/6
  1283 | D:1      | Learned a level 3 spell: Call Canine Familiar
  1549 | D:2      | Noticed Jessica
  1557 | D:2      | You fall through a shaft for 2 floors!
  1899 | D:4      | Noticed a slave
  1899 | D:4      | Noticed a slave
  1920 | D:4      | Noticed Duvessa
  1941 | D:4      | Noticed Dowan
  1946 | D:5      | Entered Level 5 of the Dungeon
  2016 | D:5      | Noticed a scorpion
  2026 | D:5      | Killed a scorpion
  2026 | D:5      | Reached XP level 4. HP: 26/26 MP: 3/8
  2097 | D:5      | Reached skill level 5 in Summonings
  2314 | D:5      | Noticed a bullfrog
  2330 | D:5      | Killed a bullfrog
  2330 | D:5      | Reached XP level 5. HP: 30/30 MP: 4/9
  2336 | D:5      | Learned a level 4 spell: Summon Lightning Spire
  2575 | D:5      | Noticed a centaur
  2603 | D:5      | HP: 1/31 [centaur (6)]
  2606 | D:5      | Slain by a centaur

Skill      XL: |  1  2  3  4 |
---------------+-------------+-----
Fighting       | 1 2 |  2.3
Spellcasting   | 3 |  3.2
Summonings     | 5 |  5.3
Dodging        | |  2.4
Stealth        | |  2.6
Air Magic      | |  0.4

Action                   |  1- 3 |  4- 6 || total
-------------------------+-------+-------++-------
Melee: Unarmed           |    50 |       ||    50
       Spear             |    72 |    30 ||   102
       Club              |     2 |       ||     2
 Cast: Summon Small Mamm |    10 |     1 ||    11
       Call Imp          |    15 |     7 ||    22
       Call Canine Famil |     3 |     3 ||     6
  Use: Scroll            |     6 |     3 ||     9
       Potion            |     1 |     1 ||     2
 Stab: Sleeping          |     4 |       ||     4
       Distracted        |     1 |     1 ||     2
  Eat: Chunk             |    11 |     5 ||    16
Armor: Robe              |    25 |     4 ||    29
Dodge: Dodged            |   123 |    19 ||   142
